 Dungeon Crawl Stone Soup version 0.26-a0-21-gf97e55dc39 (webtiles) character file.

Game seed: 11364524877425131966, levelgen mode: classic

21241 Amnesiac the Quickloader (level 13, -5/115 HPs)
             Began as a Formicid Arcane Marksman on May 26, 2020.
             Was a Believer of Okawaru.
             Slain by a sixfirhy (9 damage)
             ... summoned by an orc sorcerer
             ... on level 1 of the Orcish Mines.
             The game lasted 00:53:40 (15017 turns).

Amnesiac the Quickloader (FoAM)                    Turns: 15017, Time: 00:53:40

Health: -5/115     AC: 10    Str: 19    XL:     13   Next: 18%
Magic:  0/17       EV: 11    Int: 16    God:    Okawaru [**....]
Gold:   1283       SH:  6    Dex: 17    Spells: 4/16 levels left

rFire    . . .     SeeInvis +   b - +0 trident (venom)
rCold    . . .     Gourm    .   j - +2 buckler {AC+3}
rNeg     . . .     Faith    .   t - +0 troll leather armour
rPois    .         Spirit   +   (helmet unavailable)
rElec    .         Reflect  .   i - +0 cloak
rCorr    .         Harm     .   F - +0 pair of gloves
MR       +....                  (no boots)
Stlth    +.........             h - amulet of guardian spirit
HPRegen  0.69/turn              z - +4 ring of slaying
MPRegen  0.15/turn              q - +6 ring of dexterity

@: lightly drained
A: permanent stasis, dig shafts and tunnels, four strong arms, antennae 3,
rugged brown scales 1, clever 1
a: Dig, Shaft Self, Heroism, Renounce Religion


You were on level 1 of the Orcish Mines.
You worshipped Okawaru.
Okawaru was pleased with you.
You were hungry.

You visited 3 branches of the dungeon, and saw 13 of its levels.
You also visited: Ossuary and Bailey.

You collected 1283 gold pieces.

Inventory:

Hand Weapons
 a - a +1 hand crossbow
 b - a +0 trident of venom (weapon)
Missiles
 x - 19 bolts
Armour
 i - a +0 cloak (worn)
 j - a +2 buckler of protection (worn)
 t - a +0 troll leather armour (worn)
 F - a +0 pair of gloves (worn)
 H - a +3 plate armour of poison resistance
Jewellery
 h - an amulet of guardian spirit (around neck)
 q - a +6 ring of dexterity (right hand)
 z - a +4 ring of slaying (left hand)
 L - the ring "Kotuetum" {rF+ rN+ Str-2 SInv}
   (You found it on level 9 of the Dungeon)

   [ring of positive energy]

   It affects your strength (-2).
   It protects you from fire.
   It protects you from negative energy.
   It lets you see invisible.
 P - an uncursed ring of flight
Wands
 e - a wand of polymorph (7)
 g - a wand of paralysis (4)
 v - a wand of iceblast (8)
 C - a wand of flame (37)
 K - a wand of random effects (32)
Scrolls
 o - 2 scrolls of fog {!r}
 p - 2 scrolls of magic mapping {!r}
 r - 2 scrolls of enchant weapon {!r}
 s - 7 scrolls of remove curse {!r}
 A - 5 scrolls of fear {!r}
 M - a scroll of torment {!r}
 R - a scroll of immolation {!r}
Potions
 c - 6 potions of lignification {!q}
 k - 9 potions of curing {!q}
 l - 2 potions of ambrosia {!q}
 m - a potion of cancellation {!q}
 u - 2 potions of mutation {!q}
 D - 2 potions of brilliance {!q}
 E - a potion of heal wounds {!q}
 G - a potion of magic {!q}
 I - 3 potions of might {!q}
Comestibles
 f - 24 rations


   Skills:
 * Level 13.6(13.0) Fighting
 + Level 13.9(13.3) Crossbows
 - Level 2.0(1.5) Dodging
 - Level 2.0(1.5) Spellcasting
 - Level 6.0(5.4) Hexes
 - Level 5.5(5.0) Evocations


You had 4 spell levels left.
You knew the following spells:

 Your Spells              Type           Power        Failure   Level  Hunger
a - Slow                  Hex            ###.....     7%          2    ###....
b - Cause Fear            Hex            ###.......   41%         4    #####..
e - Spectral Weapon       Hex/Chrm       ##......     38%         3    ####...
w - Portal Projectile     Hex/Tloc       ##....       38%         3    ####...

Your spell library contained the following spells:

 Spells                   Type           Power        Failure   Level  Hunger
 Corona                   Hex            ###....      4%          1    ##.....
 Inner Flame              Hex/Fire       ##......     38%         3    ####...
 Beastly Appendage        Tmut           #.....       41%         1    ##.....
 Freeze                   Ice            #...         41%         1    ##.....
 Infusion                 Chrm           #...         41%         1    ##.....
 Sting                    Tmut/Pois      #...         41%         1    ##.....
 Shroud of Golubria       Chrm/Tloc      #.....       54%         2    ###....
 Song of Slaying          Chrm           #.......     54%         2    ###....
 Sticks to Snakes         Tmut           #.......     54%         2    ###....
 Frozen Ramparts          Ice            #.....       78%         3    ####...
 Ozocubu's Armour         Chrm/Ice       #.......     78%         3    ####...
 Spider Form              Tmut/Pois      #.........   78%         3    ####...
 Stone Arrow              Conj/Erth      #.....       78%         3    ####...
 Leda's Liquefaction      Hex/Erth       ##........   80%         4    #####..
 Hailstorm                Conj/Ice       #.......     99%         4    #####..
 Ice Form                 Ice/Tmut       #.......     99%         4    #####..
 Petrify                  Tmut/Erth      #.......     99%         4    #####..
 Summon Ice Beast         Ice/Summ       #.......     99%         4    #####..
 Blade Hands              Tmut           #.........   100%        5    ######.
 Dragon Form              Tmut           #.........   100%        7    #######


Dungeon Overview and Level Annotations

Branches:
Dungeon (11/15)            Temple (1/1) D:7            Lair (0/6) D:10
    Orc (1/2) D:11        Ossuary (visited)          Bailey (visited)

Altars:
Ashenzari
Cheibriados
Dithmenos
Elyvilon
Fedhas
Gozag
Hepliaklqana
Kikubaaqudgha
Makhleb
Nemelex Xobeh
Okawaru
Qazlal
Ru
Sif Muna
Trog
Uskayaw
Vehumet
Wu Jian
Xom
Yredelemnul
Zin
The Shining One
Jiyva

Annotations:
D:3 1 runed translucent door
D:7 exclusion: angel


Innate Abilities, Weirdness & Mutations

You cannot be hasted, slowed, berserked, paralysed or teleported.
You can dig through walls and to a lower floor.
Your four strong arms can wield two-handed weapons with a shield.
You have a pair of large antennae on your head. (SInv)
You are partially covered in rugged brown scales. (AC +1, +3% HP)
Your mind is acute. (Int +2)


Message History

You kill the orc wizard!
Okawaru accepts your kill. You block the orc warrior's attack.
You closely miss the orc warrior. The orc barely misses you.
The orc warrior hits you but does no damage.
The troll misses you.
The troll claws you but does no damage. x2
You hit the troll.
The troll is poisoned.
The troll is lightly wounded.
The orc warrior closely misses you. You block the troll's attack. x2
The troll barely misses you. The orc warrior barely misses you.
You closely miss the troll.
The troll is lightly wounded.
You block the troll's attack. The troll claws you.
You block the troll's attack.
The orc warrior hits you with a +0 war axe.
A cyclops comes into view.
An orc sorcerer comes into view. It is wielding a +2 dagger of venom.
You closely miss the troll.
The troll is lightly wounded.
The cyclops shouts!
The orc sorcerer shouts!
The troll barely misses you. The troll claws you. x2
The cyclops throws a large rock.
The large rock hits you! You block the orc warrior's attack.
An orc warrior comes into view. It is wielding a +0 hand axe.
The troll misses you. You block the troll's attack. The troll misses you.
An orc comes into view. It is wielding a +0 short sword.
The orc sorcerer gestures at you while chanting.
The bolt of negative energy hits you!
You feel drained.
The cyclops throws a large rock.
The large rock hits you!!
* * * LOW HITPOINT WARNING * * *
You see here a large rock.
The orc warrior shouts!
You puncture the troll!
The troll is moderately wounded.
An orc wizard comes into view. It is wielding a +0 dagger of draining.
The orc warrior barely misses you. The troll closely misses you.
The troll claws you!
* * * LOW HITPOINT WARNING * * *
You block the troll's attack.
The orc sorcerer shouts, "You are history!"
The orc sorcerer casts a spell.
The orc wizard moves out of view.
Found 14 gold pieces.
You hit the troll.
The troll is heavily wounded.
The sixfirhy hits you!
* * * LOW HITPOINT WARNING * * *
The sixfirhy shocks you!
* * * LOW HITPOINT WARNING * * *
The sixfirhy barely misses you. The sixfirhy misses you.
The troll barely misses you. The troll claws you.
* * * LOW HITPOINT WARNING * * *
The troll closely misses you.
The orc warrior hits you with a +0 war axe.
* * * LOW HITPOINT WARNING * * *
The orc sorcerer casts a spell.
You barely miss the orc warrior. The sixfirhy hits you!
* * * LOW HITPOINT WARNING * * *
The sixfirhy shocks you!
* * * LOW HITPOINT WARNING * * *
The sixfirhy hits you.
* * * LOW HITPOINT WARNING * * *
The sixfirhy shocks you!
You die...

### ##
##.####.##
###...#....
#.........
#.......###..
####......#.#...
#......o43o.....
##...oT@ooC....
#.)#####o......
##.o..####.....#
#...))##........
###.))"#..$..#.$
#....<)..#.#...
##...)..## ##..
#.......# ..
#..........


You could see a cyclops, an ice devil (summoned), a troll (poisoned), a sixfirhy
(summoned), an orc sorcerer, 2 orc warriors, an orc wizard and 2 orcs.

Vanquished Creatures
  An orc warlord (Bailey)
  Erolcha (D:11)
  Erica (D:11)
  A cyclops (D:11)
  Maggie (D:9)
  A kobold demonologist (D:11)
  A komodo dragon (D:10)
  3 trolls
  Sigmund (D:6)
  2 wyverns (D:10)
  A wraith (D:10)
  A steam dragon (D:11)
  Edmund (D:5)
  Duvessa (D:4)
  3 water moccasins
  A soldier ant (D:10)
  6 phantoms
  2 black bears
  4 sky beasts
  8 orc warriors
  3 ogres
  10 centaurs
  A crocodile (D:9)
  An elf zombie (Ossuary)
  2 big kobolds
  6 bullfrogs
  Dowan (D:4)
  8 scorpions
  A water moccasin skeleton (D:10)
  11 killer bees
  3 electric eels (D:11)
  A howler monkey (D:6)
  5 crimson imps
  3 bullfrog zombies
  14 orc priests
  2 hounds
  4 jellies
  9 orc wizards
  A bullfrog skeleton (D:10)
  A centaur skeleton (D:11)
  Crazy Yiuf (D:2)
  4 iguanas
  Natasha (thrice) (D:2)
  4 worker ants
  Terence (D:2)
  2 hound zombies
  4 mummies
  5 gnolls
  14 adders
  A shadow imp (D:6)
  5 adder zombies (Ossuary)
  2 worms
  5 leopard geckos
  37 orcs
  6 giant cockroaches
  10 hobgoblins
  9 jackals
  29 kobolds
  6 quokkas
  3 ball pythons
  A ball python skeleton (D:5)
  11 bats
  7 frilled lizards
  A gnoll zombie (Ossuary)
  12 goblins
  2 goblin zombies
  5 hobgoblin zombies (Ossuary)
  A jackal skeleton (D:4)
  2 kobold zombies (Ossuary)
  An orc zombie (D:7)
  4 rats
  3 rat zombies (Ossuary)
  A fungus (D:2)
330 creatures vanquished.

Vanquished Creatures (others)
  A gnoll (D:11)
  15 fungi (D:8)
  2 plants (D:10)
  2 spectral weapons
20 creatures vanquished.

Grand Total: 350 creatures vanquished

Notes
Turn   | Place    | Note
-------+----------+-------------------------------------------
     0 | D:1      | Amnesiac the Formicid Arcane Marksman began the quest for
                  | the Orb.
     0 | D:1      | Reached XP level 1. HP: 15/15 MP: 2/2
   175 | D:1      | Reached XP level 2. HP: 20/21 MP: 0/3
   779 | D:2      | Found an ancient bone altar of Kikubaaqudgha.
   781 | D:2      | Reached XP level 3. HP: 26/26 MP: 2/4
   979 | D:2      | Noticed Natasha
   992 | D:2      | Killed Natasha
   992 | D:2      | Reached XP level 4. HP: 30/32 MP: 3/5
  1185 | D:2      | Noticed Terence
  1188 | D:2      | Gained mutation: You are partially covered in rugged brown
                  | scales. (AC +1, +3% HP) [potion of mutation]
  1188 | D:2      | Gained mutation: Your mind is acute. (Int +2) [potion of
                  | mutation]
  1203 | D:2      | Killed Terence
  1482 | D:2      | Reached XP level 5. HP: 38/38 MP: 6/6
  1510 | D:2      | Learned a level 4 spell: Cause Fear
  1513 | D:2      | Learned a level 2 spell: Slow
  1661 | D:2      | Found a shimmering altar of Xom.
  1662 | D:2      | Found a hazy altar of Hepliaklqana.
  1663 | D:2      | Noticed a spectral ugly thing
  1761 | D:2      | Noticed Natasha
  1769 | D:2      | Killed Natasha
  1847 | D:2      | Noticed Natasha
  1918 | D:2      | Killed Natasha
  1918 | D:2      | Reached skill level 5 in Crossbows
  2040 | D:2      | Found a runed translucent door.
  2041 | D:2      | Noticed Crazy Yiuf
  2060 | D:2      | Killed Crazy Yiuf
  2255 | D:3      | Reached XP level 6. HP: 45/45 MP: 7/7
  2286 | D:3      | Found a glowing golden altar of the Shining One.
  2286 | D:3      | Noticed an angel
  2288 | D:3      | Found a runed translucent door.
  2344 | D:3      | Found an opulent altar of Gozag.
  3334 | D:4      | Found a sacrificial altar of Ru.
  3403 | D:4      | Noticed a phantom
  3418 | D:4      | Killed a phantom
  3537 | D:4      | Noticed an ogre
  3815 | D:4      | Killed an ogre
  3815 | D:4      | Reached XP level 7. HP: 51/51 MP: 8/8
  3862 | D:4      | Noticed Duvessa
  3862 | D:4      | Noticed Dowan
  4122 | D:4      | Killed Dowan
  4584 | D:5      | Entered Level 5 of the Dungeon
  4719 | D:5      | Reached XP level 8. HP: 56/57 MP: 5/10
  4724 | D:5      | Learned a level 3 spell: Portal Projectile
  4765 | D:5      | Found a sparkling altar of Nemelex Xobeh.
  4768 | D:5      | Found a hide-covered altar of Uskayaw.
  4775 | D:5      | Found a shimmering blue altar of Sif Muna.
  4798 | D:5      | Found a snail-covered altar of Cheibriados.
  5303 | D:5      | Noticed Edmund
  5340 | D:5      | Killed Edmund
  6166 | D:6      | Noticed Sigmund
  6182 | D:6      | Killed Sigmund
  6182 | D:6      | Reached skill level 5 in Hexes
  6184 | D:6      | Found a shadowy altar of Dithmenos.
  6298 | D:6      | Reached XP level 9. HP: 55/62 MP: 10/12
  6400 | D:6      | Reached skill level 10 in Crossbows
  6542 | D:6      | Found a glowing golden altar of the Shining One.
  7189 | D:7      | Reached skill level 5 in Fighting
  7250 | D:7      | Found a staircase to the Ecumenical Temple.
  7536 | D:7      | Found a sand-covered staircase.
  7546 | Ossuary  | Entered an ossuary
  8394 | D:7      | Found a glowing silver altar of Zin.
  8395 | D:7      | Noticed an angel
  8786 | D:4      | Killed Duvessa
  8963 | D:8      | Reached XP level 10. HP: 76/81 MP: 9/13
  9702 | D:8      | Found a shattered altar of Ashenzari.
 10760 | D:9      | Got a shimmering steel ring
 10875 | D:9      | Reached skill level 10 in Fighting
 10895 | D:9      | Noticed Maggie
 10903 | D:9      | Learned a level 3 spell: Spectral Weapon
 10985 | D:9      | HP: 3/87 [Maggie/+1 morningstar of flaming (8)]
 10986 | D:9      | Killed Maggie
 11001 | D:9      | Identified the ring "Kotuetum" {rF+ rN+ Str-2 SInv} (You
                  | found it on level 9 of the Dungeon)
 11701 | D:10     | Entered Level 10 of the Dungeon
 11753 | D:10     | Found a staircase to the Lair.
 11753 | D:10     | Noticed a komodo dragon
 11897 | D:10     | Found a shadowy altar of Dithmenos.
 11956 | D:10     | Reached XP level 11. HP: 68/94 MP: 11/14
 11979 | D:10     | Found a flagged portal.
 12005 | Bailey   | Entered a bailey
 12011 | Bailey   | Noticed an orc warlord
 12185 | Bailey   | Found a runed translucent gate.
 12185 | Bailey   | Found a runed translucent gate.
 12185 | Bailey   | Found a runed translucent gate.
 12458 | Bailey   | Identified the Disquisition on Transmigration and Stones
 12537 | Bailey   | Killed an orc warlord
 12572 | D:10     | Identified a scroll of acquirement {!r}
 13400 | Temple   | Entered the Ecumenical Temple
 13445 | Temple   | Became a worshipper of Warmaster Okawaru
 13605 | D:11     | Noticed Erica
 13628 | D:11     | Killed Erica
 13672 | D:10     | Reached * piety under Okawaru
 13750 | D:11     | Noticed a cyclops
 13755 | D:11     | Killed a cyclops
 13975 | D:11     | Found a shimmering altar of Xom.
 14105 | D:11     | Noticed Erolcha
 14150 | D:11     | Killed Erolcha
 14150 | D:11     | Reached ** piety under Okawaru
 14150 | D:11     | Reached XP level 12. HP: 20/108 MP: 2/15
 14362 | D:11     | Found a staircase to the Orcish Mines.
 14656 | D:11     | Reached skill level 1 in Evocations
 14919 | Orc:1    | Entered Level 1 of the Orcish Mines
 14955 | Orc:1    | Reached skill level 5 in Evocations
 14955 | Orc:1    | Reached XP level 13. HP: 114/114 MP: 15/17
 15017 | Orc:1    | HP: 4/115 [sixfirhy[an orc sorcerer] (5)]
 15017 | Orc:1    | Slain by a sixfirhy

Illustrated notes

Levels and vault maps discovered:
D:1:      dpeg_arrival_pits, layout_loops_ring
D:2:      layout_loops_corners, regret_index_temple_of_mockery,
          lemuel_crystal_altar, st_stairs_9, minivault_26, uniq_natasha,
          uniq_crazy_yiuf_cottage, uniq_terence
D:3:      layout_basic, nicolae_gozag_cash_rules_everything_around_me,
          lemuel_angel_altar
D:4:      layout_gridville, nicolae_ru_the_path_less_chosen, first_ration,
          uniq_duvessa
D:5:      layout_basic, grunt_temple_overflow_cloverleaf, uniq_edmund
D:6:      layout_basic, lemuel_round_altar, nicolae_overflow_crystal_walls,
          uniq_sigmund
D:7:      layout_cave_pools, zin_angel, minmay_temple_entry_slanted,
          nicolae_ossuary_entry_giza
D:8:      old_forge, layout_loops_ring, ashenzari_altar_1
D:9:      layout_irregular_city, uniq_maggie
D:10:     layout_long_grid, david_lair_shrubbed, enter_bailey_3,
          blue_anna_alchemist [blue_anna_fruit_fields, blue_anna_fruit_fields],
          nicolae_dithmenos_shadow_blocks
D:11:     layout_long_grid, erik_orc_2, xom_teletrap_fun, uniq_erolcha,
          uniq_erica
Temple:   pf_slimified_temple
Orc:1:    layout_diamond_mine, trog_butcher_becter

Skill      XL: |  1  2  3  4  5  6  7  8  9 10 11 12 |
---------------+-------------------------------------+-----
Crossbows      | 3 4 5 7 8 9 10 11 12 13 | 13.9
Dodging        | 2 |  2.0
Fighting       | 2 7 10 13 | 13.6
Spellcasting   | 2 |  2.0
Hexes          | 5 6 |  6.0
Evocations     | 5 |  5.5

Action                   |  1- 3 |  4- 6 |  7- 9 | 10-12 | 13-15 || total
-------------------------+-------+-------+-------+-------+-------++-------
Melee: Dagger            |       |    87 |       |       |       ||    87
       Trident           |       |       |       |   393 |    16 ||   409
       Hand crossbow     |       |       |       |     1 |       ||     1
 Fire: Hand crossbow     |    37 |    99 |   401 |   237 |       ||   774
       Hunting sling     |    15 |    35 |       |       |       ||    50
 Cast: Corona            |    24 |    10 |       |       |       ||    34
       Slow              |       |     7 |    44 |    32 |       ||    83
       Cause Fear        |       |     1 |     7 |     2 |       ||    10
       Portal Projectile |       |       |     4 |     8 |       ||    12
       Spectral Weapon   |       |       |       |     6 |       ||     6
Evoke: Wand              |       |       |       |     2 |       ||     2
  Use: Scroll            |       |    10 |     9 |     7 |     1 ||    27
       Potion            |       |     2 |       |     6 |       ||     8
 Stab: Distracted        |       |       |       |     2 |       ||     2
       Sleeping          |       |       |       |     1 |       ||     1
  Eat: Chunk             |       |    11 |    13 |    20 |       ||    44
       Ration            |       |       |     3 |     1 |       ||     4
Armor: Robe              |     1 |       |       |    13 |       ||    14
       Ring mail         |     6 |    58 |    13 |    33 |       ||   110
       Leather armour    |       |       |    46 |    42 |       ||    88
       Troll leather arm |       |       |       |    97 |     5 ||   102
Dodge: Dodged            |    15 |   106 |   101 |   262 |    18 ||   502
Block: Buckler           |       |       |    30 |   152 |     8 ||   190

Table legend:
 A = Non-vault XP
 B = Vault XP
 C = Vault XP percentage of total XP
 D = Non-vault monster count
 E = Vault monster count
 F = Vault count percentage of total count
                 A         B        C        D         E       F
            +---------+---------+-------+---------+---------+-------
      Total |   10799 |    6828 |  38.7 |     227 |     103 |  31.2
            +---------+---------+-------+---------+---------+-------
        D:1 |      26 |       0 |   0.0 |      15 |       0 |   0.0
        D:2 |     117 |     121 |  50.8 |      20 |       6 |  23.1
        D:3 |      51 |       0 |   0.0 |      19 |       0 |   0.0
        D:4 |     394 |     220 |  35.8 |      14 |       2 |  12.5
        D:5 |     618 |     166 |  21.2 |      12 |       1 |   7.7
        D:6 |     945 |     212 |  18.3 |      24 |       1 |   4.0
        D:7 |     685 |      20 |   2.8 |      23 |       3 |  11.5
        D:8 |    1572 |     309 |  16.4 |      29 |      12 |  29.3
        D:9 |     926 |     398 |  30.1 |      13 |       1 |   7.1
       D:10 |    2199 |     460 |  17.3 |      19 |       6 |  24.0
       D:11 |    3011 |    2655 |  46.9 |      32 |      23 |  41.8
      Orc:1 |     255 |       0 |   0.0 |       7 |       0 |   0.0
    Ossuary |       0 |     201 | 100.0 |       0 |      21 | 100.0
     Bailey |       0 |    2066 | 100.0 |       0 |      27 | 100.0
            +---------+---------+-------+---------+---------+-------
